 Dungeon Crawl Stone Soup version 0.19-a0-1878-gcbc8a98 (webtiles) character file.

53 tb0li the Magician (level 3, -4/19 HPs)
             Began as a Deep Elf Conjurer on Oct 13, 2016.
             Slain by Crazy Yiuf
             ... wielding a +2 quarterstaff of chaos
              (8 damage)
             ... on level 2 of the Dungeon.
             The game lasted 00:03:49 (929 turns).

tb0li the Magician (Deep Elf Conjurer)               Turns: 929, Time: 00:03:50

Health: -4/19      AC:  2    Str:  5    XL:     3   Next: 64%
Magic:  5/12       EV: 13    Int: 20    God:
Gold:   65         SH:  0    Dex: 15    Spells: 1 memorised, 12 levels left

rFire  . . .     SeeInvis .     g - +0 dagger
rCold  . . .     Gourm    .     a - +0 robe
rNeg   . . .     Faith    .     (no shield)
rPois  .         Spirit   .     (no helmet)
rElec  .         Dismiss  .     (no cloak)
rCorr  .         Reflect  .     (no gloves)
MR     .....     Harm     .     (no boots)
Stlth  ++........               l - amulet of rage
                                (no ring)
                                (no ring)

@: no status effects
A: no striking features
a: Evoke Berserk Rage


You were on level 2 of the Dungeon.
You were not hungry.

You visited 1 branch of the dungeon, and saw 2 of its levels.

You collected 65 gold pieces.

Inventory:

Hand Weapons
 g - a +0 dagger (weapon)
 p - a +0 short sword
Armour
 a - a +0 robe (worn)
 q - a +2 shield
Jewellery
 l - an amulet of rage (around neck)
Wands
 n - a wand of slowing (35/48)
Scrolls
 e - a scroll of identify {unknown}
 f - a scroll of teleportation {unknown}
 j - a scroll of recharging {unknown}
 k - 3 scrolls of remove curse {unknown}
 m - a scroll of fog {unknown}
Potions
 h - a potion of resistance {unknown}
 i - a potion of magic {unknown}
 o - a potion of might {unknown}
Books
 b - a book of Conjurations

   Spells                             Type                      Level
   a - Magic Dart                     Conjuration                  1
   b - Searing Ray                    Conjuration                  2
   c - Dazzling Spray                 Conjuration/Hexes            3
   d - Fulminant Prism                Conjuration/Hexes            4
   e - Iskenderun's Mystic Blast      Conjuration                  4
   f - Iskenderun's Battlesphere      Conjuration/Charms           5
Comestibles
 c - a bread ration
 d - 5 chunks of flesh


   Skills:
 - Level 2.4 Dodging
 - Level 2.4 Stealth
 + Level 5.5 Spellcasting
 - Level 4.3 Conjurations


You had 12 spell levels left.
You knew the following spells:

 Your Spells              Type           Power        Failure   Level  Hunger
a - Magic Dart            Conj           ###.         1%          1    None


Dungeon Overview and Level Annotations

Branches:
Dungeon (2/15)

Altars:

Annotations:
D:2 Crazy Yiuf, Sigmund


Message History

Crazy Yiuf is severely wounded.
Crazy Yiuf barely misses you.
Casting: Magic Dart
Confirm with . or Enter, or press ? or * to list all spells.
Aiming: Magic Dart
Press: ? - help, Shift-Dir - straight line, f/p - Crazy Yiuf
Aim: Crazy Yiuf, wielding a quarterstaff of chaos and wearing an embroidered cloak (severely wounded)
The magic dart hits Crazy Yiuf.
Crazy Yiuf is severely wounded.
Crazy Yiuf yells, "Papa water sing!"
Crazy Yiuf closely misses you.
Casting: Magic Dart
Confirm with . or Enter, or press ? or * to list all spells.
Aiming: Magic Dart
Press: ? - help, Shift-Dir - straight line, f/p - Crazy Yiuf
Aim: Crazy Yiuf, wielding a quarterstaff of chaos and wearing an embroidered cloak (severely wounded)
The magic dart hits Crazy Yiuf.
Crazy Yiuf is almost dead.
Crazy Yiuf hits you with a quarterstaff of chaos!
You die...

#...>)..........
####............
#............
#####
###..........
#..)#
#.......(..
#...#
#.......... ...
#.......... #g#
#.......... ##@#
###..........
#.##
#............
##.#
#............
#.##
#....########
##.## #....#
#...## #....#
#P..P# #....#
#....# #....#
#....####....#


You could see Crazy Yiuf.

Vanquished Creatures
  2 adders (D:2)
  An ooze (D:1)
  A worm (D:1)
  2 giant cockroaches (D:1)
  5 goblins (D:1)
  3 hobgoblins
  2 jackals (D:1)
  5 bats
  3 frilled lizards (D:1)
  A kobold (D:2)
  3 rats
28 creatures vanquished.

Notes
Turn   | Place    | Note
-------+----------+-------------------------------------------
     0 | D:1      | tb0li the Deep Elf Conjurer began the quest for the Orb.
     0 | D:1      | Reached XP level 1. HP: 10/10 MP: 6/6
   122 | D:1      | Reached skill level 4 in Spellcasting
   122 | D:1      | Reached XP level 2. HP: 15/15 MP: 5/9
   680 | D:2      | Found a faded altar of an unknown god.
   683 | D:2      | Noticed Sigmund
   703 | D:1      | Reached XP level 3. HP: 15/19 MP: 8/11
   799 | D:2      | Reached skill level 5 in Spellcasting
   917 | D:2      | Found a runed door.
   921 | D:2      | Noticed Crazy Yiuf
   929 | D:2      | Slain by Crazy Yiuf

Vault maps used:
D:1:      minmay_arrival_jagged
D:2:      first_bread, ecumenical_altar_2, serial_bayou_lake_a, uniq_sigmund,
          uniq_crazy_yiuf_cottage

Skill      XL: |  1  2  3 |
---------------+----------+-----
Spellcasting   | 4 5 |  5.5
Dodging        | |  2.4
Stealth        | |  2.4
Conjurations   | |  4.3

Action                   || total
-------------------------++-------
Melee: Unarmed           ||     8
 Cast: Magic Dart        ||    63
Armor: Robe              ||     5
Dodge: Dodged            ||    15
